Blackdemons vs Mulligans
(R2)
Created - October 19, 2018 at 22:55
Goals
|
| Blackdemons |
0 |
1 |
2 |
3 |
| Mulligans |
0 |
0 |
0 |
0 |
|
Shots
|
| Blackdemons |
7 |
9 |
12 |
28 |
| Mulligans |
4 |
12 |
6 |
22 |
|
1st period
No Goal
Penalties :
Darren Dietz (Rep) for Hooking (Minor) at 0:57, Joonas Donskoi (Rep) for Diving (Minor) at 12:40, Michael Sdao (Rep) for Hooking (Minor) at 17:08
2nd period
1. Blackdemons , Ladislav Nagy 1 (Patrice Cormier 2) at 14:16 (PP)
Penalties :
Michael Sdao (Rep) for Holding (Minor) at 2:27, Martin Hanzal (MJM) for Hooking (Minor) at 2:58, Logan Shaw (Rep) for Tripping (Minor) at 5:46, Joonas Donskoi (Rep) for Roughing (Minor) at 9:41, Eric Tangradi (Rep) for Boarding (Minor) at 14:03, Eric Tangradi (Rep) for Roughing (Minor) at 14:23, Darren Dietz (Rep) for Tripping (Minor) at 18:11
3rd period
2. Blackdemons , Max Friberg 3 (Mathew Dumba 1, Alexei Morozov 3) at 0:54
3. Blackdemons , Kyle Rau 1 (Ladislav Nagy 3, Sergei Plotnikov 1) at 1:45
Penalties :
Eric Tangradi (Rep) for Tripping (Minor) at 1:48, Valeri Nichushkin (Rep) for Tripping (Minor) at 5:54, Joonas Donskoi (Rep) for Holding (Minor) at 18:11
Goalie Stats
Matt Hackett (MJM), 22 saves from 22 shots - (1.000), W, 2-0-0, 60:00 minutes
Calvin Pickard (Rep), 25 saves from 28 shots - (0.893), L, 1-2-0, 60:00 minutes
Players Stats for Blackdemons
Player Name G A P +/- PIM S H SB GA TA FO MP PP MP PK MP
------------------------------------------------------------------------------------
Alexandre Grenier 0 0 0 0 0 0 1 1 0 0 1/2 11:09 0:02 0:00
Alexei Morozov 0 1 1 0 0 2 1 1 0 0 2/3 21:35 8:59 0:31
Blake Pietila 0 0 0 0 0 0 4 1 0 0 0/0 20:03 9:12 0:00
Brett Kulak 0 0 0 1 0 0 1 1 0 1 0/0 9:48 0:00 0:00
Hudson Fasching 0 0 0 1 0 1 1 0 1 0 0/1 17:24 11:04 0:00
Jeffrey Foss 0 0 0 0 0 0 0 1 0 1 0/0 4:23 0:00 0:00
Keaton Ellerby 0 0 0 0 0 1 0 3 0 1 0/0 20:25 7:41 0:13
Kyle Rau 1 0 1 1 0 1 0 0 0 0 1/3 5:53 0:00 0:00
Ladislav Nagy 1 1 2 1 0 6 1 0 2 0 0/1 17:24 11:04 0:00
Martin Hanzal 0 0 0 0 2 3 3 0 0 1 9/18 20:14 9:11 0:00
Mathew Dumba 0 1 1 1 0 0 0 1 0 0 0/0 26:31 12:42 0:31
Max Friberg 1 0 1 1 0 2 0 1 0 0 0/0 10:45 0:27 0:00
Nathan Paetsch 0 0 0 1 0 1 2 1 0 0 0/0 25:24 12:42 0:18
Patrice Cormier 0 1 1 0 0 4 1 0 1 0 12/22 22:31 10:53 0:25
Roman Josi 0 0 0 0 0 2 2 1 0 0 0/0 18:41 7:41 0:00
Scott Timmins 0 0 0 1 0 3 0 0 0 0 1/5 11:12 0:16 0:06
Sergei Plotnikov 0 1 1 0 0 0 0 0 0 0 0/1 10:48 0:00 0:00
Tommy Vannelli 0 0 0 0 0 0 0 1 0 0 0/0 4:23 0:00 0:00
Yannick Weber 0 0 0 1 0 1 1 1 0 0 0/0 10:25 0:00 0:00
Zachary Sanford 0 0 0 1 0 1 0 0 0 0 1/1 9:02 0:00 0:00
Players Stats for Mulligans
Player Name G A P +/- PIM S H SB GA TA FO MP PP MP PK MP
------------------------------------------------------------------------------------
Anton Lander 0 0 0 0 0 2 3 0 0 0 5/12 19:03 0:11 7:20
Ben Hutton 0 0 0 -2 0 2 0 1 0 0 0/0 20:59 0:00 8:56
Cade Fairchild 0 0 0 0 0 0 1 0 0 0 0/0 11:00 0:00 0:00
Christoph Bertschy 0 0 0 0 0 0 0 0 0 0 2/3 8:14 0:00 0:14
Cody Goloubef 0 0 0 0 0 1 1 3 0 0 0/0 26:45 0:31 11:27
Dalton Thrower 0 0 0 0 0 0 0 0 0 0 0/0 2:34 0:00 0:43
Darren Dietz 0 0 0 0 4 0 0 1 0 0 0/0 11:05 0:00 0:20
Drayson Bowman 0 0 0 -2 0 1 0 0 0 0 0/0 7:36 0:00 0:00
Eric Tangradi 0 0 0 0 6 3 2 0 0 0 0/0 20:50 0:20 8:34
Jonathan Tremblay 0 0 0 0 0 0 1 0 0 0 1/3 10:44 0:07 0:00
Joonas Donskoi 0 0 0 -2 6 0 0 0 1 0 0/0 7:53 0:00 0:00
Logan Shaw 0 0 0 0 2 0 2 0 1 0 0/0 10:45 0:11 0:00
Matt Beleskey 0 0 0 0 0 3 3 0 0 1 0/1 10:45 0:11 0:00
Matt Donovan 0 0 0 0 0 2 4 4 1 1 0/0 28:36 0:31 11:27
Maxime Macenauer 0 0 0 -2 0 2 2 0 0 1 0/1 15:14 0:00 6:57
Michael Sdao 0 0 0 -2 4 0 2 1 0 0 0/0 19:32 0:13 7:53
Nick Bonino 0 0 0 0 0 5 2 0 1 1 22/37 23:10 0:20 10:52
Reid Boucher 0 0 0 0 0 0 1 0 0 0 0/0 2:47 0:00 2:30
Sven Baertschi 0 0 0 0 0 1 2 1 0 0 0/0 12:26 0:00 4:19
Valeri Nichushkin 0 0 0 0 2 0 0 0 0 0 0/0 7:59 0:00 0:00
3 Stars
1 - Matt Hackett (MJM)
2 - Ladislav Nagy (MJM)
3 - Max Friberg (MJM)
Power Play
Blackdemons - 1 on 12 Attempt(s) - 8.33%
Mulligans - 0 on 1 Attempt(s) - 0.00%
Penalty Kill
Blackdemons - 1 on 1 Attempt(s) - 100.00%
- Score 0 goal in Penalty Kill
Mulligans - 11 on 12 Attempt(s) - 91.67%
- Score 0 goal in Penalty Kill
Team Stat
Blackdemons - Hits : 18 - Faceoff Wins : 27 - Blocked Shots : 14 - Penalty Minutes : 2
Mulligans - Hits : 26 - Faceoff Wins : 30 - Blocked Shots : 11 - Penalty Minutes : 24
Official
Referees : Unknown
Linesman : Unknown
Game Notes
No Game Note
Finance
Level 1 -- Attendance: 1502 (75.10%) -- Ticket Income $37,550
Level 2 -- Attendance: 713 (71.30%) -- Ticket Income $8,556
Total Attendance: 2215 (73.83%)
Total Ticket Income: $46,106
Other Income: $2,305
Total Income: $48,411
Blackdemons
5 vs 5 Forward
Center Left Wing Right Wing Time % Phy DF OF
1 Martin Hanzal Blake Pietila Alexei Morozov 40 0 1 4
2 Patrice Cormier Sergei Plotnikov Alexandre Grenier 35 0 1 3
3 Scott Timmins Zachary Sanford Max Friberg 15 0 2 3
4 Kyle Rau Ladislav Nagy Hudson Fasching 10 0 2 3
5 vs 5 Defense
Defense Defense Time % Phy DF OF
1 Keaton Ellerby Mathew Dumba 36 0 4 1
2 Nathan Paetsch Roman Josi 32 0 4 1
3 Yannick Weber Brett Kulak 22 0 5 0
4 Jeffrey Foss Tommy Vannelli 10 0 5 0
PowerPlay Forward
Center Left Wing Right Wing Time % Phy DF OF
1 Patrice Cormier Ladislav Nagy Hudson Fasching 60 0 0 5
2 Martin Hanzal Blake Pietila Alexei Morozov 40 0 0 5
PowerPlay Defense
Defense Defense Time % Phy DF OF
1 Nathan Paetsch Mathew Dumba 60 0 1 4
2 Keaton Ellerby Roman Josi 40 0 1 4
Penalty Kill 4 Players Forward
Center Wing Time % Phy DF OF
1 Patrice Cormier Alexei Morozov 60 0 5 0
2 Kyle Rau Alexandre Grenier 40 0 5 0
Penalty Kill 4 Players Defense
Defense Defense Time % Phy DF OF
1 Nathan Paetsch Mathew Dumba 60 0 5 0
2 Keaton Ellerby Roman Josi 40 0 5 0
Penalty Kill - 3 Players Forward
Forward Time % Phy DF OF
1 Alexei Morozov 60 0 5 0
2 Martin Hanzal 40 0 5 0
Penalty Kill - 3 Players Defense
Defense Defense Time % Phy DF OF
1 Nathan Paetsch Keaton Ellerby 60 0 5 0
2 Jeffrey Foss Mathew Dumba 40 0 5 0
4 vs 4 Forward
Center Wing Time % Phy DF OF
1 Alexei Morozov Martin Hanzal 60 1 2 2
2 Ladislav Nagy Patrice Cormier 40 1 2 2
4 vs 4 Defense
Defense Defense Time % Phy DF OF
1 Mathew Dumba Keaton Ellerby 60 1 2 2
2 Yannick Weber Nathan Paetsch 40 1 2 2
Last Minutes Offensive
Center Left Wing Right Wing Defense Defense
Martin Hanzal Ladislav Nagy Alexei Morozov Nathan Paetsch Keaton Ellerby
Last Minutes Defensive
Center Left Wing Right Wing Defense Defense
Martin Hanzal Ladislav Nagy Alexei Morozov Nathan Paetsch Keaton Ellerby
Goaltenders
Starting : Matt Hackett
Backup : Laurent Brossoit
Extra Forwards
Normal : Max Friberg, Scott Timmins, Blake Pietila - PP : Max Friberg, Scott Timmins - PK : Blake Pietila
Extra Defensemen
Normal : Yannick Weber, Roman Josi, Jeffrey Foss - PP : Yannick Weber - PK : Roman Josi, Jeffrey Foss
Penalty Shots
Alexei Morozov, Martin Hanzal, Ladislav Nagy, Sergei Plotnikov, Zachary Sanford
Scratches
Colin Smith (Healthy), Charles-Olivier Roussel (Healthy), Klas Dahlbeck (Healthy), Remi Elie (Healthy), Jyrki Jokipakka (Healthy)
Mackenzie MacEachern (Healthy), Artturi Lehkonen (Healthy), Ben Maxwell (Healthy), Nicolas Deschamps (Healthy), Angelo Esposito (Healthy)
Jacob Lagacé (Healthy), James Livingstone (Healthy), Ebbe Siönäs (Healthy), Sami Aittokallio (Healthy), Jeremy Smith (Healthy)
Mulligans
5 vs 5 Forward
Center Left Wing Right Wing Time % Phy DF OF
1 Nick Bonino Eric Tangradi Jonathan Tremblay 40 1 2 2
2 Anton Lander Matt Beleskey Logan Shaw 30 1 2 2
3 Maxime Macenauer Drayson Bowman Joonas Donskoi 20 1 2 2
4 Christoph Bertschy Sven Baertschi Valeri Nichushkin 10 1 2 2
5 vs 5 Defense
Defense Defense Time % Phy DF OF
1 Matt Donovan Cody Goloubef 40 1 2 2
2 Michael Sdao Ben Hutton 30 1 2 2
3 Cade Fairchild Darren Dietz 20 1 2 2
4 Dalton Thrower Matt Donovan 10 1 2 2
PowerPlay Forward
Center Left Wing Right Wing Time % Phy DF OF
1 Nick Bonino Eric Tangradi Jonathan Tremblay 60 1 2 2
2 Anton Lander Matt Beleskey Logan Shaw 40 1 2 2
PowerPlay Defense
Defense Defense Time % Phy DF OF
1 Matt Donovan Cody Goloubef 60 1 2 2
2 Michael Sdao Ben Hutton 40 1 2 2
Penalty Kill 4 Players Forward
Center Wing Time % Phy DF OF
1 Nick Bonino Eric Tangradi 60 1 2 2
2 Anton Lander Maxime Macenauer 40 1 2 2
Penalty Kill 4 Players Defense
Defense Defense Time % Phy DF OF
1 Matt Donovan Cody Goloubef 60 1 2 2
2 Michael Sdao Ben Hutton 40 1 2 2
Penalty Kill - 3 Players Forward
Forward Time % Phy DF OF
1 Nick Bonino 60 1 2 2
2 Eric Tangradi 40 1 2 2
Penalty Kill - 3 Players Defense
Defense Defense Time % Phy DF OF
1 Matt Donovan Cody Goloubef 60 1 2 2
2 Michael Sdao Ben Hutton 40 1 2 2
4 vs 4 Forward
Center Wing Time % Phy DF OF
1 Nick Bonino Eric Tangradi 60 1 2 2
2 Anton Lander Maxime Macenauer 40 1 2 2
4 vs 4 Defense
Defense Defense Time % Phy DF OF
1 Matt Donovan Cody Goloubef 60 1 2 2
2 Michael Sdao Ben Hutton 40 1 2 2
Last Minutes Offensive
Center Left Wing Right Wing Defense Defense
Nick Bonino Eric Tangradi Jonathan Tremblay Matt Donovan Cody Goloubef
Last Minutes Defensive
Center Left Wing Right Wing Defense Defense
Nick Bonino Eric Tangradi Jonathan Tremblay Matt Donovan Cody Goloubef
Goaltenders
Starting : Calvin Pickard
Backup : Juuse Saros
Extra Forwards
Normal : Reid Boucher, Drayson Bowman, Sven Baertschi - PP : Reid Boucher, Drayson Bowman - PK : Sven Baertschi
Extra Defensemen
Normal : Cade Fairchild, Darren Dietz, Dalton Thrower - PP : Cade Fairchild - PK : Darren Dietz, Dalton Thrower
Penalty Shots
Nick Bonino, Eric Tangradi, Anton Lander, Maxime Macenauer, Jonathan Tremblay
Scratches
Nick Moutrey (Healthy), John Hayden (Healthy), Jonny Brodzinski (Healthy), Marek Langhamer (Healthy)
% Time on Ice - Blackdemons
Lines # - Real PCT - Wanted PCT - Time Play
Normal Forward
1 - 31% - 40% - 11:50
2 - 29% - 35% - 10:53
3 - 24% - 15% - 9:02
4 - 16% - 10% - 5:53
Normal Defense
1 - 33% - 36% - 12:27
2 - 29% - 32% - 11:00
3 - 26% - 22% - 9:48
4 - 12% - 10% - 4:23
PP Forward
1 - 55% - 60% - 11:11
2 - 45% - 40% - 9:12
PP Defense
1 - 62% - 60% - 12:42
2 - 38% - 40% - 7:41
PK Forward
1 - 100% - 60% - 0:31
2 - 0% - 40% - 0:00
PK Defense
1 - 100% - 60% - 0:31
2 - 0% - 40% - 0:00
PK3 Forward
1 - 0% - 60%
2 - 0% - 40%
PK3 Defense
1 - 0% - 60%
2 - 0% - 40%
44 Forward
1 - 100% - 60% - 1:28
2 - 0% - 40% - 0:00
44 Defense
1 - 58% - 60% - 0:51
2 - 42% - 40% - 0:37
Last Minute Offensive - 0:00
Last Minute Defensive - 0:00
Total
Forward - 60:00
Defense - 60:00
|
% Time on Ice - Mulligans
Lines # - Real PCT - Wanted PCT - Time Play
Normal Forward
1 - 29% - 40% - 11:04
2 - 30% - 30% - 11:15
3 - 19% - 20% - 7:19
4 - 21% - 10% - 8:00
Normal Defense
1 - 37% - 40% - 13:54
2 - 30% - 30% - 11:28
3 - 28% - 20% - 10:25
4 - 5% - 10% - 1:51
PP Forward
1 - 65% - 60% - 0:20
2 - 35% - 40% - 0:11
PP Defense
1 - 100% - 60% - 0:31
2 - 0% - 40% - 0:00
PK Forward
1 - 66% - 60% - 13:26
2 - 34% - 40% - 6:57
PK Defense
1 - 56% - 60% - 11:27
2 - 44% - 40% - 8:56
PK3 Forward
1 - 0% - 60%
2 - 0% - 40%
PK3 Defense
1 - 0% - 60%
2 - 0% - 40%
44 Forward
1 - 81% - 60% - 1:11
2 - 19% - 40% - 0:17
44 Defense
1 - 60% - 60% - 0:53
2 - 40% - 40% - 0:35
Last Minute Offensive - 0:00
Last Minute Defensive - 0:00
Total
Forward - 60:00
Defense - 60:00
|
Play by Play
1st period
0:01 of 1st period - Martin Hanzal wins face-off versus Jonathan Tremblay in neutral zone.
0:25 of 1st period - Cody Goloubef is hit by Patrice Cormier and loses puck.
0:57 of 1st period - Minor Penalty to Darren Dietz for Hooking.
0:58 of 1st period - Nick Bonino wins face-off versus Patrice Cormier in Mulligans zone.
1:14 of 1st period - Cody Goloubef is hit by Hudson Fasching and loses puck.
1:30 of 1st period - Slapshot by Martin Hanzal.
1:30 of 1st period - Shot Blocked by Cody Goloubef.
2:49 of 1st period - Slapshot by Cody Goloubef.
2:49 of 1st period - Deflect By Reid Boucher.
2:49 of 1st period - Shot Blocked by Mathew Dumba.
2:49 of 1st period - Puck is out of play.
2:50 of 1st period - Patrice Cormier wins face-off versus Anton Lander in Blackdemons zone.
2:57 of 1st period - Penalty to Darren Dietz is over, Darren Dietz is back on ice.
3:10 of 1st period - Icing by Valeri Nichushkin.
3:11 of 1st period - Christoph Bertschy wins face-off versus Scott Timmins in Mulligans zone.
3:16 of 1st period - Yannick Weber is hit by Sven Baertschi and loses puck.
3:37 of 1st period - Christoph Bertschy is hit by Yannick Weber and loses puck.
3:52 of 1st period - Snap shot by Christoph Bertschy.
3:52 of 1st period - Shot Blocked by Max Friberg.
4:23 of 1st period - Darren Dietz is hit by Roman Josi and loses puck.
4:34 of 1st period - Snap shot by Sven Baertschi.
4:34 of 1st period - Shot Blocked by Roman Josi.
4:36 of 1st period - Slapshot by Sven Baertschi.
4:36 of 1st period - Stopped by Matt Hackett with a rebound.
4:38 of 1st period - Snap shot by Sven Baertschi.
4:38 of 1st period - Shot Misses the Net.
4:48 of 1st period - Slapshot by Nathan Paetsch.
4:48 of 1st period - Deflect By Scott Timmins.
4:48 of 1st period - Stopped by Calvin Pickard with a rebound.
4:54 of 1st period - Snap shot by Scott Timmins.
4:54 of 1st period - Stopped by Calvin Pickard with a rebound.
5:00 of 1st period - Christoph Bertschy is hit by Nathan Paetsch and loses puck.
5:54 of 1st period - Slapshot by Roman Josi.
5:54 of 1st period - Deflect By Scott Timmins.
5:54 of 1st period - Shot Blocked by Darren Dietz.
5:54 of 1st period - Puck is out of play.
5:55 of 1st period - Nick Bonino wins face-off versus Martin Hanzal in Mulligans zone.
5:55 of 1st period - Nick Bonino is hit by Martin Hanzal.
6:28 of 1st period - Matt Donovan is hit by Blake Pietila.
6:58 of 1st period - Snap shot by Sergei Plotnikov.
6:58 of 1st period - Deflect By Patrice Cormier.
6:58 of 1st period - Stopped by Calvin Pickard with a rebound.
7:10 of 1st period - Wrist shot by Kyle Rau.
7:10 of 1st period - Deflect By Ladislav Nagy.
7:10 of 1st period - Shot Misses the Net.
7:10 of 1st period - Puck is out of play.
7:11 of 1st period - Nick Bonino wins face-off versus Kyle Rau in Mulligans zone.
7:24 of 1st period - Keaton Ellerby is hit by Matt Donovan.
7:28 of 1st period - Mathew Dumba is hit by Eric Tangradi and loses puck.
8:15 of 1st period - Icing by Anton Lander.
8:16 of 1st period - Martin Hanzal wins face-off versus Matt Beleskey in Mulligans zone.
8:19 of 1st period - Wrist shot by Alexei Morozov.
8:19 of 1st period - Shot Misses the Net.
8:28 of 1st period - Icing by Yannick Weber.
8:29 of 1st period - Martin Hanzal wins face-off versus Nick Bonino in Blackdemons zone.
8:40 of 1st period - Wrist shot by Martin Hanzal.
8:40 of 1st period - Stopped by Calvin Pickard with a rebound.
9:29 of 1st period - Snap shot by Ladislav Nagy.
9:29 of 1st period - Stopped by Calvin Pickard without a rebound.
9:30 of 1st period - Nick Bonino wins face-off versus Martin Hanzal in Mulligans zone.
9:39 of 1st period - Snap shot by Eric Tangradi.
9:39 of 1st period - Stopped by Matt Hackett without a rebound.
9:40 of 1st period - Martin Hanzal wins face-off versus Nick Bonino in Blackdemons zone.
9:40 of 1st period - Martin Hanzal is hit by Jonathan Tremblay.
10:08 of 1st period - Slapshot by Nick Bonino.
10:08 of 1st period - Stopped by Matt Hackett without a rebound.
10:09 of 1st period - Anton Lander wins face-off versus Patrice Cormier in Blackdemons zone.
10:14 of 1st period - Snap shot by Matt Beleskey.
10:14 of 1st period - Shot Misses the Net.
10:25 of 1st period - Wrist shot by Patrice Cormier.
10:25 of 1st period - Stopped by Calvin Pickard without a rebound.
10:26 of 1st period - Martin Hanzal wins face-off versus Nick Bonino in Mulligans zone.
10:51 of 1st period - Jeffrey Foss is hit by Logan Shaw and loses puck.
12:17 of 1st period - Wrist shot by Sergei Plotnikov.
12:17 of 1st period - Shot Blocked by Cody Goloubef.
12:23 of 1st period - Backhand shot by Sergei Plotnikov.
12:23 of 1st period - Shot Blocked by Matt Donovan.
12:40 of 1st period - Minor Penalty to Joonas Donskoi for Diving.
12:41 of 1st period - Patrice Cormier wins face-off versus Nick Bonino in Mulligans zone.
12:51 of 1st period - Wrist shot by Patrice Cormier.
12:51 of 1st period - Shot Blocked by Michael Sdao.
12:53 of 1st period - Slapshot by Mathew Dumba.
12:53 of 1st period - Shot Blocked by Ben Hutton.
12:55 of 1st period - Backhand shot by Ladislav Nagy.
12:55 of 1st period - Shot Misses the Net.
13:15 of 1st period - Slapshot by Alexei Morozov.
13:15 of 1st period - Shot Hit the Post.
14:40 of 1st period - Penalty to Joonas Donskoi is over, Joonas Donskoi is back on ice.
15:26 of 1st period - Maxime Macenauer is hit by Alexandre Grenier and loses puck.
16:11 of 1st period - Snap shot by Drayson Bowman.
16:11 of 1st period - Shot Blocked by Tommy Vannelli.
16:53 of 1st period - Slapshot by Matt Donovan.
16:53 of 1st period - Shot Blocked by Keaton Ellerby.
16:55 of 1st period - Snap shot by Matt Beleskey.
16:55 of 1st period - Stopped by Matt Hackett with a rebound.
17:01 of 1st period - Snap shot by Anton Lander.
17:01 of 1st period - Shot Blocked by Keaton Ellerby.
17:08 of 1st period - Minor Penalty to Michael Sdao for Hooking.
17:09 of 1st period - Nick Bonino wins face-off versus Patrice Cormier in Mulligans zone.
17:38 of 1st period - Alexei Morozov is hit by Maxime Macenauer and loses puck.
19:08 of 1st period - Penalty to Michael Sdao is over, Michael Sdao is back on ice.
19:22 of 1st period - Icing by Roman Josi.
19:23 of 1st period - Anton Lander wins face-off versus Scott Timmins in Blackdemons zone.
19:54 of 1st period - Slapshot by Patrice Cormier.
19:54 of 1st period - Stopped by Calvin Pickard with a rebound.
Goals for this period are 0 for Blackdemons vs 0 for Mulligans.
Shots for this period are 7 for Blackdemons vs 4 for Mulligans.
2nd period
0:01 of 2nd period - Martin Hanzal wins face-off versus Nick Bonino in neutral zone.
0:28 of 2nd period - Slapshot by Matt Donovan.
0:28 of 2nd period - Stopped by Matt Hackett without a rebound.
0:29 of 2nd period - Anton Lander wins face-off versus Alexandre Grenier in Blackdemons zone.
0:46 of 2nd period - Wrist shot by Patrice Cormier.
0:46 of 2nd period - Shot Hit the Post.
0:48 of 2nd period - Snap shot by Roman Josi.
0:48 of 2nd period - Stopped by Calvin Pickard with a rebound.
0:58 of 2nd period - Alexandre Grenier is hit by Matt Beleskey and loses puck.
1:03 of 2nd period - Snap shot by Matt Beleskey.
1:03 of 2nd period - Stopped by Matt Hackett without a rebound.
1:04 of 2nd period - Nick Bonino wins face-off versus Martin Hanzal in Blackdemons zone.
1:11 of 2nd period - Snap shot by Nick Bonino.
1:11 of 2nd period - Shot Misses the Net.
1:38 of 2nd period - Slapshot by Maxime Macenauer.
1:38 of 2nd period - Stopped by Matt Hackett with a rebound.
1:52 of 2nd period - Scott Timmins is hit by Anton Lander and loses puck.
2:27 of 2nd period - Minor Penalty to Michael Sdao for Holding.
2:28 of 2nd period - Nick Bonino wins face-off versus Patrice Cormier in Mulligans zone.
2:40 of 2nd period - Wrist shot by Ladislav Nagy.
2:40 of 2nd period - Shot Misses the Net.
2:42 of 2nd period - Slapshot by Ladislav Nagy.
2:42 of 2nd period - Stopped by Calvin Pickard with a rebound.
2:58 of 2nd period - Minor Penalty to Martin Hanzal for Hooking.
2:59 of 2nd period - Alexei Morozov wins face-off versus Nick Bonino in Blackdemons zone.
3:07 of 2nd period - Snap shot by Nick Bonino.
3:07 of 2nd period - Stopped by Matt Hackett with a rebound.
3:09 of 2nd period - Wrist shot by Nick Bonino.
3:09 of 2nd period - Shot Blocked by Keaton Ellerby.
3:19 of 2nd period - Slapshot by Keaton Ellerby.
3:19 of 2nd period - Stopped by Calvin Pickard with a rebound.
3:21 of 2nd period - Snap shot by Mathew Dumba.
3:21 of 2nd period - Shot Blocked by Matt Donovan.
3:23 of 2nd period - Slapshot by Yannick Weber.
3:23 of 2nd period - Deflect By Eric Tangradi.
3:23 of 2nd period - Stopped by Calvin Pickard without a rebound.
3:24 of 2nd period - Alexei Morozov wins face-off versus Nick Bonino in Mulligans zone.
3:47 of 2nd period - Nathan Paetsch is hit by Cody Goloubef and loses puck.
4:12 of 2nd period - Mathew Dumba is hit by Reid Boucher and loses puck.
4:21 of 2nd period - Snap shot by Drayson Bowman.
4:21 of 2nd period - Stopped by Matt Hackett with a rebound.
4:23 of 2nd period - Wrist shot by Ben Hutton.
4:23 of 2nd period - Stopped by Matt Hackett without a rebound.
4:24 of 2nd period - Nick Bonino wins face-off versus Alexei Morozov in Blackdemons zone.
4:27 of 2nd period - Penalty to Michael Sdao is over, Michael Sdao is back on ice.
4:29 of 2nd period - Slapshot by Matt Donovan.
4:29 of 2nd period - Deflect By Nick Bonino.
4:29 of 2nd period - Stopped by Matt Hackett with a rebound.
4:39 of 2nd period - Snap shot by Cody Goloubef.
4:39 of 2nd period - Deflect By Nick Bonino.
4:39 of 2nd period - Stopped by Matt Hackett without a rebound.
4:40 of 2nd period - Patrice Cormier wins face-off versus Anton Lander in Blackdemons zone.
4:40 of 2nd period - Patrice Cormier is hit by Anton Lander.
4:50 of 2nd period - Slapshot by Matt Donovan.
4:50 of 2nd period - Deflect By Logan Shaw.
4:50 of 2nd period - Shot Misses the Net.
4:50 of 2nd period - Puck is out of play.
4:51 of 2nd period - Patrice Cormier wins face-off versus Nick Bonino in Blackdemons zone.
4:58 of 2nd period - Penalty to Martin Hanzal is over, Martin Hanzal is back on ice.
5:07 of 2nd period - Patrice Cormier is hit by Matt Donovan and loses puck.
5:46 of 2nd period - Minor Penalty to Logan Shaw for Tripping.
5:47 of 2nd period - Nick Bonino wins face-off versus Patrice Cormier in Mulligans zone.
6:57 of 2nd period - Ben Hutton is hit by Alexei Morozov and loses puck.
7:46 of 2nd period - Penalty to Logan Shaw is over, Logan Shaw is back on ice.
8:28 of 2nd period - Slapshot by Drayson Bowman.
8:28 of 2nd period - Shot Blocked by Brett Kulak.
8:30 of 2nd period - Slapshot by Maxime Macenauer.
8:30 of 2nd period - Stopped by Matt Hackett with a rebound.
8:37 of 2nd period - Icing by Max Friberg.
8:38 of 2nd period - Scott Timmins wins face-off versus Anton Lander in Blackdemons zone.
9:01 of 2nd period - Patrice Cormier is hit by Nick Bonino and loses puck.
9:14 of 2nd period - Slapshot by Nick Bonino.
9:14 of 2nd period - Shot Misses the Net.
9:24 of 2nd period - Snap shot by Ladislav Nagy.
9:24 of 2nd period - Stopped by Calvin Pickard with a rebound.
9:26 of 2nd period - Snap shot by Hudson Fasching.
9:26 of 2nd period - Stopped by Calvin Pickard without a rebound.
9:27 of 2nd period - Kyle Rau wins face-off versus Maxime Macenauer in Mulligans zone.
9:30 of 2nd period - Slapshot by Kyle Rau.
9:30 of 2nd period - Shot Misses the Net.
9:41 of 2nd period - Minor Penalty to Joonas Donskoi for Roughing.
9:42 of 2nd period - Nick Bonino wins face-off versus Hudson Fasching in Mulligans zone.
9:56 of 2nd period - Wrist shot by Ladislav Nagy.
9:56 of 2nd period - Shot Hit the Post.
9:58 of 2nd period - Slapshot by Nathan Paetsch.
9:58 of 2nd period - Shot Misses the Net.
10:19 of 2nd period - Snap shot by Maxime Macenauer.
10:19 of 2nd period - Shot Blocked by Alexei Morozov.
11:10 of 2nd period - Roman Josi is hit by Matt Donovan.
11:41 of 2nd period - Penalty to Joonas Donskoi is over, Joonas Donskoi is back on ice.
12:02 of 2nd period - Wrist shot by Maxime Macenauer.
12:02 of 2nd period - Shot Misses the Net.
12:04 of 2nd period - Wrist shot by Maxime Macenauer.
12:04 of 2nd period - Shot Misses the Net.
12:06 of 2nd period - Slapshot by Anton Lander.
12:06 of 2nd period - Shot Misses the Net.
12:08 of 2nd period - Snap shot by Anton Lander.
12:08 of 2nd period - Stopped by Matt Hackett without a rebound.
12:09 of 2nd period - Patrice Cormier wins face-off versus Nick Bonino in Blackdemons zone.
12:13 of 2nd period - Yannick Weber is hit by Cade Fairchild and loses puck.
12:42 of 2nd period - Blake Pietila is hit by Matt Donovan and loses puck.
12:58 of 2nd period - Alexei Morozov is hit by Sven Baertschi and loses puck.
13:09 of 2nd period - Christoph Bertschy is hit by Blake Pietila and loses puck.
13:14 of 2nd period - Wrist shot by Martin Hanzal.
13:14 of 2nd period - Stopped by Calvin Pickard with a rebound.
13:16 of 2nd period - Backhand shot by Martin Hanzal.
13:16 of 2nd period - Shot Blocked by Sven Baertschi.
13:48 of 2nd period - Snap shot by Alexei Morozov.
13:48 of 2nd period - Stopped by Calvin Pickard without a rebound.
13:49 of 2nd period - Nick Bonino wins face-off versus Patrice Cormier in Mulligans zone.
14:03 of 2nd period - Minor Penalty to Eric Tangradi for Boarding.
14:04 of 2nd period - Patrice Cormier wins face-off versus Nick Bonino in Mulligans zone.
14:16 of 2nd period - Snap shot by Ladislav Nagy.
14:16 of 2nd period - Goal by Ladislav Nagy - Blackdemons : 1 - Mulligans : 0.
14:17 of 2nd period - Patrice Cormier wins face-off versus Nick Bonino in neutral zone.
14:23 of 2nd period - Minor Penalty to Eric Tangradi for Roughing.
14:24 of 2nd period - Nick Bonino wins face-off versus Patrice Cormier in Mulligans zone.
15:02 of 2nd period - Nathan Paetsch is hit by Michael Sdao and loses puck.
15:17 of 2nd period - Ladislav Nagy is hit by Michael Sdao and loses puck.
15:56 of 2nd period - Michael Sdao is hit by Martin Hanzal and loses puck.
16:23 of 2nd period - Penalty to Eric Tangradi is over, Eric Tangradi is back on ice.
17:12 of 2nd period - Snap shot by Matt Beleskey.
17:12 of 2nd period - Stopped by Matt Hackett with a rebound.
17:14 of 2nd period - Slapshot by Matt Donovan.
17:14 of 2nd period - Stopped by Matt Hackett without a rebound.
17:15 of 2nd period - Anton Lander wins face-off versus Kyle Rau in Blackdemons zone.
17:36 of 2nd period - Alexei Morozov is hit by Maxime Macenauer and loses puck.
17:45 of 2nd period - Backhand shot by Maxime Macenauer.
17:45 of 2nd period - Shot Blocked by Jeffrey Foss.
18:11 of 2nd period - Minor Penalty to Darren Dietz for Tripping.
18:12 of 2nd period - Nick Bonino wins face-off versus Patrice Cormier in Mulligans zone.
19:25 of 2nd period - Patrice Cormier is hit by Eric Tangradi and loses puck.
Goals for this period are 1 for Blackdemons vs 0 for Mulligans.
Shots for this period are 9 for Blackdemons vs 12 for Mulligans.
3rd period
0:01 of 3rd period - Patrice Cormier wins face-off versus Nick Bonino in neutral zone.
0:04 of 3rd period - Wrist shot by Nathan Paetsch.
0:04 of 3rd period - Shot Blocked by Cody Goloubef.
0:11 of 3rd period - Penalty to Darren Dietz is over, Darren Dietz is back on ice.
0:19 of 3rd period - Mathew Dumba is hit by Nick Bonino and loses puck.
0:54 of 3rd period - Wrist shot by Max Friberg.
0:54 of 3rd period - Goal by Max Friberg - Blackdemons : 2 - Mulligans : 0.
0:55 of 3rd period - Nick Bonino wins face-off versus Martin Hanzal in neutral zone.
1:00 of 3rd period - Slapshot by Matt Donovan.
1:00 of 3rd period - Shot Blocked by Yannick Weber.
1:20 of 3rd period - Yannick Weber is hit by Logan Shaw and loses puck.
1:45 of 3rd period - Snap shot by Kyle Rau.
1:45 of 3rd period - Goal by Kyle Rau - Blackdemons : 3 - Mulligans : 0.
1:46 of 3rd period - Nick Bonino wins face-off versus Martin Hanzal in neutral zone.
1:48 of 3rd period - Minor Penalty to Eric Tangradi for Tripping.
1:49 of 3rd period - Nick Bonino wins face-off versus Patrice Cormier in Mulligans zone.
1:49 of 3rd period - Nick Bonino is hit by Nathan Paetsch.
2:00 of 3rd period - Snap shot by Ladislav Nagy.
2:00 of 3rd period - Stopped by Calvin Pickard with a rebound.
2:47 of 3rd period - Slapshot by Ben Hutton.
2:47 of 3rd period - Deflect By Anton Lander.
2:47 of 3rd period - Shot Misses the Net.
2:47 of 3rd period - Puck is out of play.
2:48 of 3rd period - Martin Hanzal wins face-off versus Anton Lander in Blackdemons zone.
2:53 of 3rd period - Anton Lander is hit by Martin Hanzal and loses puck.
3:13 of 3rd period - Matt Donovan is hit by Blake Pietila and loses puck.
3:24 of 3rd period - Slapshot by Alexei Morozov.
3:24 of 3rd period - Shot Blocked by Matt Donovan.
3:26 of 3rd period - Snap shot by Martin Hanzal.
3:26 of 3rd period - Stopped by Calvin Pickard with a rebound.
3:28 of 3rd period - Wrist shot by Alexei Morozov.
3:28 of 3rd period - Stopped by Calvin Pickard without a rebound.
3:29 of 3rd period - Patrice Cormier wins face-off versus Anton Lander in Mulligans zone.
3:48 of 3rd period - Penalty to Eric Tangradi is over, Eric Tangradi is back on ice.
4:02 of 3rd period - Slapshot by Zachary Sanford.
4:02 of 3rd period - Stopped by Calvin Pickard without a rebound.
4:03 of 3rd period - Patrice Cormier wins face-off versus Jonathan Tremblay in Mulligans zone.
4:37 of 3rd period - Snap shot by Alexei Morozov.
4:37 of 3rd period - Shot Misses the Net.
4:51 of 3rd period - Kyle Rau is hit by Matt Beleskey and loses puck.
5:00 of 3rd period - Kyle Rau is hit by Matt Beleskey and loses puck.
5:41 of 3rd period - Off-side.
5:42 of 3rd period - Christoph Bertschy wins face-off versus Martin Hanzal in neutral zone.
5:54 of 3rd period - Minor Penalty to Valeri Nichushkin for Tripping.
5:55 of 3rd period - Nick Bonino wins face-off versus Ladislav Nagy in Mulligans zone.
6:04 of 3rd period - Snap shot by Nick Bonino.
6:04 of 3rd period - Deflect By Eric Tangradi.
6:04 of 3rd period - Stopped by Matt Hackett without a rebound.
6:05 of 3rd period - Patrice Cormier wins face-off versus Nick Bonino in Blackdemons zone.
6:33 of 3rd period - Off-side.
6:34 of 3rd period - Martin Hanzal wins face-off versus Anton Lander in neutral zone.
7:26 of 3rd period - Matt Donovan is hit by Blake Pietila and loses puck.
7:54 of 3rd period - Penalty to Valeri Nichushkin is over, Valeri Nichushkin is back on ice.
8:05 of 3rd period - Slapshot by Max Friberg.
8:05 of 3rd period - Shot Misses the Net.
8:07 of 3rd period - Snap shot by Scott Timmins.
8:07 of 3rd period - Shot Misses the Net.
8:09 of 3rd period - Snap shot by Brett Kulak.
8:09 of 3rd period - Shot Misses the Net.
8:11 of 3rd period - Snap shot by Max Friberg.
8:11 of 3rd period - Stopped by Calvin Pickard with a rebound.
8:29 of 3rd period - Wrist shot by Logan Shaw.
8:29 of 3rd period - Shot Misses the Net.
10:33 of 3rd period - Wrist shot by Ladislav Nagy.
10:33 of 3rd period - Stopped by Calvin Pickard with a rebound.
10:40 of 3rd period - Icing by Darren Dietz.
10:41 of 3rd period - Zachary Sanford wins face-off versus Christoph Bertschy in Mulligans zone.
10:42 of 3rd period - Wrist shot by Scott Timmins.
10:42 of 3rd period - Stopped by Calvin Pickard without a rebound.
10:43 of 3rd period - Nick Bonino wins face-off versus Martin Hanzal in Mulligans zone.
10:50 of 3rd period - Backhand shot by Eric Tangradi.
10:50 of 3rd period - Shot Misses the Net.
10:56 of 3rd period - Snap shot by Eric Tangradi.
10:56 of 3rd period - Stopped by Matt Hackett with a rebound.
10:58 of 3rd period - Wrist shot by Eric Tangradi.
10:58 of 3rd period - Shot Blocked by Nathan Paetsch.
12:18 of 3rd period - Slapshot by Matt Donovan.
12:18 of 3rd period - Shot Blocked by Blake Pietila.
12:30 of 3rd period - Slapshot by Cody Goloubef.
12:30 of 3rd period - Stopped by Matt Hackett without a rebound.
12:31 of 3rd period - Alexandre Grenier wins face-off versus Anton Lander in Blackdemons zone.
12:40 of 3rd period - Snap shot by Patrice Cormier.
12:40 of 3rd period - Stopped by Calvin Pickard without a rebound.
12:41 of 3rd period - Martin Hanzal wins face-off versus Nick Bonino in Mulligans zone.
13:13 of 3rd period - Snap shot by Alexandre Grenier.
13:13 of 3rd period - Shot Blocked by Matt Donovan.
14:28 of 3rd period - Backhand shot by Nathan Paetsch.
14:28 of 3rd period - Stopped by Calvin Pickard with a rebound.
14:52 of 3rd period - Slapshot by Ben Hutton.
14:52 of 3rd period - Stopped by Matt Hackett without a rebound.
14:53 of 3rd period - Nick Bonino wins face-off versus Sergei Plotnikov in Blackdemons zone.
15:26 of 3rd period - Backhand shot by Matt Beleskey.
15:26 of 3rd period - Shot Hit the Post.
15:28 of 3rd period - Slapshot by Anton Lander.
15:28 of 3rd period - Stopped by Matt Hackett without a rebound.
15:29 of 3rd period - Patrice Cormier wins face-off versus Nick Bonino in Blackdemons zone.
15:36 of 3rd period - Slapshot by Yannick Weber.
15:36 of 3rd period - Shot Misses the Net.
15:56 of 3rd period - Anton Lander is hit by Brett Kulak and loses puck.
16:18 of 3rd period - Logan Shaw is hit by Ladislav Nagy and loses puck.
16:34 of 3rd period - Off-side.
16:35 of 3rd period - Jonathan Tremblay wins face-off versus Scott Timmins in neutral zone.
16:42 of 3rd period - Snap shot by Nick Bonino.
16:42 of 3rd period - Stopped by Matt Hackett without a rebound.
16:43 of 3rd period - Nick Bonino wins face-off versus Scott Timmins in Blackdemons zone.
17:05 of 3rd period - Eric Tangradi is hit by Roman Josi and loses puck.
17:36 of 3rd period - Slapshot by Roman Josi.
17:36 of 3rd period - Stopped by Calvin Pickard without a rebound.
17:37 of 3rd period - Anton Lander wins face-off versus Martin Hanzal in Mulligans zone.
18:08 of 3rd period - Snap shot by Maxime Macenauer.
18:08 of 3rd period - Shot Misses the Net.
18:10 of 3rd period - Snap shot by Cade Fairchild.
18:10 of 3rd period - Shot Blocked by Alexandre Grenier.
18:11 of 3rd period - Minor Penalty to Joonas Donskoi for Holding.
18:12 of 3rd period - Nick Bonino wins face-off versus Patrice Cormier in Mulligans zone.
18:39 of 3rd period - Mathew Dumba is hit by Anton Lander and loses puck.
19:29 of 3rd period - Icing by Mathew Dumba.
19:30 of 3rd period - Nick Bonino wins face-off versus Martin Hanzal in Blackdemons zone.
Goals for this period are 2 for Blackdemons vs 0 for Mulligans.
Shots for this period are 12 for Blackdemons vs 6 for Mulligans.
Back to the Top